 Dungeon Crawl Stone Soup version 0.23-a0-182-g58cdd98 (webtiles) character file.

2635 Amnesiac the Slicer (level 9, 0/64 HPs)
             Began as a Mummy Monk on Sept 20, 2018.
             Was a Believer of Kikubaaqudgha.
             Slain by a troll (17 damage)
             ... on level 8 of the Dungeon.
             The game lasted 00:13:58 (7798 turns).

Amnesiac the Slicer (Mummy Monk)                    Turns: 7798, Time: 00:13:59

Health: 0/64       AC:  5    Str: 15    XL:     9   Next: 35%
Magic:  21/26      EV: 13    Int: 12    God:    Kikubaaqudgha [**....]
Gold:   353        SH:  0    Dex: 14    Spells: 13/19 levels left

rFire    x . .     SeeInvis .   c - +2 dagger (venom)
rCold    + . .     Gourm    .   (no shield)
rNeg     + + +     Faith    .   t - +0 leather armour (curse)
rPois    ∞         Spirit   .   d - +0 helmet
rElec    .         Reflect  .   n - +0 cloak
rCorr    .         Harm     .   (no gloves)
MR       +....                  (no boots)
Stlth    ++........             (no amulet)
HPRegen  0.20/turn              f - ring of wizardry
MPRegen  0.20/turn              p - ring of magical power

@: no status effects
A: no food or potions, fire vulnerability, cold resistance 1, negative energy
resistance 3, torment resistance, unbreathing
a: Receive Corpses, Renounce Religion


You were on level 8 of the Dungeon.
You worshipped Kikubaaqudgha.
Kikubaaqudgha was pleased with you.
You were not hungry.

You visited 2 branches of the dungeon, and saw 9 of its levels.

You collected 423 gold pieces.
You spent 70 gold pieces at shops.

Inventory:

Hand Weapons
 c - a +2 dagger of venom (weapon)
Armour
 d - a +0 helmet (worn)
 n - a +0 cloak (worn)
 r - +0 ice dragon scales
 t - a cursed +0 leather armour (worn)
Jewellery
 f - a ring of wizardry (left hand)
 p - a ring of magical power (right hand)
 q - an uncursed ring of resist corrosion
Scrolls
 b - 2 scrolls of amnesia {!r}
 e - 8 scrolls of teleportation {!r}
 g - 3 scrolls of remove curse {!r}
 h - a scroll of magic mapping {!r}
 j - 2 scrolls of enchant weapon {!r}
 m - a scroll of fog {!r}
 o - a scroll of noise {!r}


   Skills:
 - Level 3.6 Fighting
 - Level 8.0 Short Blades
 - Level 3.5 Dodging
 - Level 1.5 Stealth
 + Level 5.5 Spellcasting
 * Level 6.6 Necromancy


You had 13 spell levels left.
You knew the following spells:

 Your Spells              Type           Power        Failure   Level  Hunger
a - Pain                  Necr           ###.         1%          1    N/A
d - Vampiric Draining     Necr           ###.......   1%          3    N/A
s - Corpse Rot            Necr           N/A          1%          2    N/A

Your spell library contained the following spells:

 Spells                   Type           Power        Failure   Level  Hunger
 Animate Skeleton         Necr           N/A          1%          1    N/A

Dungeon Overview and Level Annotations

Branches:
Dungeon (8/15)             Temple (1/1) D:4
   Lair: D:8-11

Altars:
Cheibriados
Dithmenos
Elyvilon
Fedhas
Gozag
Hepliaklqana
Kikubaaqudgha
Makhleb
Nemelex Xobeh
Okawaru
Qazlal
Ru
Sif Muna
Trog
Uskayaw
Vehumet
Wu Jian
Xom
Yredelemnul
Zin
The Shining One

Shops:
D:4 *(   D:5 }


Innate Abilities, Weirdness & Mutations

You do not eat or drink.
Your flesh is vulnerable to fire.
You are immune to poison.
Your flesh is cold resistant. (rC+)
You are immune to negative energy. (rN+++)
You are immune to unholy pain and torment.
You can survive without breathing.


Message History

You hit the crimson imp.
The crimson imp is severely wounded.
You hear a shout!
The crimson imp barely misses you.
You miss the crimson imp.
The crimson imp is almost dead.
The crimson imp shouts, "Fly, thou worthless fob-snatching clothbag!"
The crimson imp misses you.
You barely miss the crimson imp.
The crimson imp is almost dead.
You hit the crimson imp.
You kill the crimson imp!
Kikubaaqudgha accepts your kill.
You miss the killer bee. The killer bee stings you.
The killer bee barely misses you.
You completely miss the killer bee. The killer bee closely misses you.
You miss the killer bee. The killer bee stings you.
A troll comes into view.
You hit the killer bee.
The killer bee is poisoned.
The killer bee is moderately wounded.
The killer bee barely misses you.
You closely miss the killer bee.
The killer bee is moderately wounded.
The killer bee closely misses you.
You barely miss the killer bee.
The killer bee is moderately wounded.
The killer bee stings you. x2
You hit the killer bee but do no damage.
The killer bee looks as sick as possible!
The killer bee is moderately wounded.
The killer bee barely misses you.
You completely miss the killer bee.
The killer bee is severely wounded.
The killer bee stings you!
* * * LOW HITPOINT WARNING * * *
You barely miss the killer bee.
The killer bee is severely wounded.
The killer bee stings you.
* * * LOW HITPOINT WARNING * * *
You completely miss the killer bee.
The killer bee is severely wounded.
You kill the killer bee!
Kikubaaqudgha accepts your kill.
You aren't carrying any items that you can evoke.
Unknown command.
Casting: Corpse Rot (safe; 1% risk of failure)
Confirm with . or Enter, or press ? or * to list all spells.
You sense decay.
The troll is engulfed in dark miasma.
The troll is poisoned.
The troll bites you.
* * * LOW HITPOINT WARNING * * *
The troll claws you.
* * * LOW HITPOINT WARNING * * *
The troll claws you.
* * * LOW HITPOINT WARNING * * *
Casting: Corpse Rot (safe; 1% risk of failure)
Confirm with . or Enter, or press ? or * to list all spells.
Aiming: Vampiric Draining (safe; 1% risk of failure)
Press: ? - help, Shift-Dir - straight line, f - troll
Aim: a troll (foul pestilence, lightly wounded, poisoned)
The troll is moderately wounded.
You feel life coursing into your body.
The troll is engulfed in dark miasma.
The troll looks even sicker.
The troll bites you!
You die...
Kikubaaqudgha rasps: "You have failed me!
Welcome... oblivion!"

....≈...≈≈≈. ... ...≈.
....≈ ##.# ... ........
#.# #.. ..#..# #.. #.#
#...# ### #.# #.# ##.##
#.# ##+# #... #T# #...##
#..# #@# .....## #..##
#.# ......## #...###.#
[......###.......#######
.......÷÷...............
......h###......#######.
......## #.#.###.#
.....## #....[#.# #...##
###.#.#.#


You could see a troll.

Vanquished Creatures
  A wyvern (D:8)
  A hungry ghost (D:7)
  A water moccasin (D:8)
  A phantom (D:4)
  An orc warrior (D:6)
  An ice beast (D:6)
  3 ogres
  4 wolves (D:8)
  A bullfrog (D:6)
  2 water moccasin skeletons
  A scorpion (D:7)
  9 killer bees
  2 howler monkeys (D:5)
  2 crimson imps
  2 hounds
  2 orc priests
  Crazy Yiuf (D:2)
  4 orc wizards
  A centaur skeleton (D:3)
  2 iguanas
  5 worker ants
  A mummy (D:6)
  Robin (D:2)
  8 adders
  A shadow imp (D:5)
  An adder zombie (D:5)
  A worm (D:6)
  4 dart slugs
  2 leopard geckos
  12 orcs
  A ball python (D:6)
  8 giant cockroaches
  11 goblins
  6 hobgoblins
  10 jackals
  5 kobolds
  6 quokkas
  4 bats
  6 frilled lizards
  A jackal zombie (D:6)
  A leopard gecko skeleton (D:6)
  A quokka zombie (D:5)
  8 rats
146 creatures vanquished.

Notes
Turn   | Place    | Note
-------+----------+-------------------------------------------
     0 | D:1      | Amnesiac the Mummy Monk began the quest for the Orb.
     0 | D:1      | Reached XP level 1. HP: 18/18 MP: 1/1
     3 | D:1      | Noticed an anaconda
     6 | D:1      | Noticed a seven-headed hydra
   210 | D:2      | Reached XP level 2. HP: 15/24 MP: 2/2
   271 | D:2      | Found a sparkling altar of Nemelex Xobeh.
   275 | D:2      | Noticed Robin
   583 | D:2      | Killed Robin
   583 | D:2      | Reached XP level 3. HP: 20/29 MP: 3/3
   586 | D:2      | Reached skill level 3 in Short Blades
   764 | D:3      | Reached XP level 4. HP: 8/35 MP: 4/4
  1073 | D:4      | Noticed an ogre
  1078 | D:4      | Reached skill level 4 in Short Blades
  1078 | D:4      | Reached XP level 5. HP: 41/41 MP: 5/5
  1080 | D:4      | Noticed a phantom
  1092 | D:5      | Entered Level 5 of the Dungeon
  1200 | D:4      | Found a staircase to the Ecumenical Temple.
  1201 | D:4      | Noticed an ogre
  1433 | D:4      | Found Xoschaoxa's Weapon Shop.
  1487 | D:4      | Found Qiotz's Assorted Antiques.
  1510 | D:4      | Killed an ogre
  1510 | D:4      | Reached skill level 5 in Short Blades
  1510 | D:4      | Reached XP level 6. HP: 47/47 MP: 6/6
  1556 | Temple   | Entered the Ecumenical Temple
  2144 | D:4      | Reached skill level 6 in Short Blades
  2253 | D:4      | Found Tetzen's General Store.
  2256 | D:4      | Bought a scroll of fog for 28 gold pieces
  2256 | D:4      | Bought a scroll of teleportation for 42 gold pieces
  2449 | D:2      | Found a runed door.
  2515 | D:2      | Noticed Crazy Yiuf
  2524 | D:2      | Killed Crazy Yiuf
  2637 | D:2      | Found an opulent altar of Gozag.
  2637 | D:2      | Found a stormy altar of Qazlal.
  3014 | D:3      | Found a glowing golden altar of the Shining One.
  3195 | D:3      | Reached XP level 7. HP: 49/52 MP: 7/7
  3701 | D:6      | Found a radiant altar of Vehumet.
  3966 | D:5      | Found Innorogh's Gadget Shoppe.
  4014 | D:5      | Noticed an angel
  4015 | D:5      | Found a shimmering altar of Xom.
  4015 | D:5      | Found a glowing silver altar of Zin.
  4376 | D:6      | Found a snail-covered altar of Cheibriados.
  4437 | D:6      | Reached skill level 7 in Short Blades
  4669 | D:6      | Found a sacrificial altar of Ru.
  4752 | D:6      | Reached XP level 8. HP: 36/58 MP: 8/8
  4896 | D:6      | Found an ornate altar of the Wu Jian Council.
  4961 | D:6      | Reached skill level 8 in Short Blades
  5169 | D:7      | Found a sacrificial altar of Ru.
  5298 | D:7      | Found an ancient bone altar of Kikubaaqudgha.
  5301 | D:7      | Became a worshipper of Kikubaaqudgha
  5301 | D:7      | Reached * piety under Kikubaaqudgha
  5301 | D:7      | Identified Kikubaaqudgha's Incunabulum of Dark Rituals
                  | (Kikubaaqudgha gifted it to you on level 7 of the Dungeon)
  5301 | D:7      | Received a gift from Kikubaaqudgha
  5301 | D:7      | Reached ** piety under Kikubaaqudgha
  5349 | D:6      | Reached skill level 1 in Spellcasting
  5349 | D:6      | Reached skill level 1 in Necromancy
  5866 | D:1      | Learned a level 3 spell: Vampiric Draining
  5869 | D:1      | Learned a level 2 spell: Corpse Rot
  5871 | D:1      | Learned a level 1 spell: Pain
  6334 | D:6      | Found an iron altar of Okawaru.
  7055 | D:7      | Reached skill level 5 in Necromancy
  7327 | D:8      | Reached XP level 9. HP: 31/64 MP: 15/15
  7561 | D:8      | Reached skill level 5 in Spellcasting
  7787 | D:8      | Noticed a troll
  7798 | D:8      | Slain by a troll

Vault maps used:
D:1:      sevenhm_arrival_forest_fort_small_2, minivault_11
D:2:      nicolae_overflow_crystal_walls, gammafunk_temple_overflow_wave,
          uniq_robin, uniq_crazy_yiuf_cottage
D:3:      tso_oasis_becter, wad_rectangle_vault
D:4:      minmay_temple_entry_grid, first_ration, serial_shops, shop,
          nicolae_shop_trees, nicolae_shop_behind_doors, corexii_checkpoint_a
D:5:      grunt_temple_overflow_order_and_chaos_1, serial_shops,
          nicolae_shop_stone, hangedman_abyss_or_decor_stabs,
          minmay_misc_feat_doors
D:6:      slow_altar_1, old_standard_altar, lemuel_crystal_altar,
          okawaru_metal_pillars_1_2, nicolae_ru_great_annihilating_truth
D:7:      old_standard_altar, kennysheep_mini
D:8:      erik_lair_island, david_nohive_1
Temple:   compressed_dpeg_triangle_lava_temple

Skill      XL: |  1  2  3  4  5  6  7  8  9 |
---------------+----------------------------+-----
Dodging        | 3 |  3.5
Short Blades   | 3 4 5 6 7 8 |  8.0
Spellcasting   | 4 5 |  5.5
Necromancy     | 5 6 |  6.6
Fighting       | |  3.6
Stealth        | |  1.5

Action                   |  1- 3 |  4- 6 |  7- 9 || total
-------------------------+-------+-------+-------++-------
Melee: Short sword       |    20 |       |       ||    20
       Dagger            |    58 |   184 |   407 ||   649
 Cast: Pain              |       |       |     7 ||     7
       Corpse Rot        |       |       |     4 ||     4
       Vampiric Draining |       |       |     9 ||     9
Evoke: Wand              |       |       |     3 ||     3
  Use: Scroll            |       |       |    10 ||    10
 Stab: Sleeping          |     1 |       |     1 ||     2
Armor: Robe              |     7 |       |       ||     7
       Scale mail        |       |    62 |    85 ||   147
       Leather armour    |       |       |    23 ||    23
Dodge: Dodged            |    56 |    99 |   145 ||   300

Table legend:
 A = Non-vault XP
 B = Vault XP
 C = Vault XP percentage of total XP
 D = Non-vault monster count
 E = Vault monster count
 F = Vault count percentage of total count
                 A         B        C        D         E       F
            +---------+---------+-------+---------+---------+-------
      Total |    2561 |    1204 |  32.0 |     108 |      38 |  26.0
            +---------+---------+-------+---------+---------+-------
        D:1 |      23 |       9 |  28.1 |      12 |       5 |  29.4
        D:2 |      42 |      65 |  60.7 |      19 |       7 |  26.9
        D:3 |     109 |      22 |  16.8 |      18 |       6 |  25.0
        D:4 |     455 |       5 |   1.1 |      12 |       2 |  14.3
        D:5 |     207 |       0 |   0.0 |      12 |       0 |   0.0
        D:6 |     803 |      64 |   7.4 |      23 |       5 |  17.9
        D:7 |     334 |     122 |  26.8 |       5 |       2 |  28.6
        D:8 |     423 |     917 |  68.4 |       4 |      11 |  73.3
     Temple |     165 |       0 |   0.0 |       3 |       0 |   0.0
            +---------+---------+-------+---------+---------+-------
